 Dungeon Crawl Stone Soup version 0.21.1-1-g345015f (webtiles) character file.

2337 letownia2 the Spear-Bearer (level 9, -1/64 HPs)
             Began as a Merfolk Skald on Mar 14, 2018.
             Was a Believer of Cheibriados.
             Slain by a two-headed ogre
             ... wielding a cursed -3 giant club
              (16 damage)
             ... on level 9 of the Dungeon.
             The game lasted 00:21:41 (2859 turns).

letownia2 the Spear-Bearer (Merfolk Skald)          Turns: 2859, Time: 00:21:42

Health: -1/64      AC:  9    Str: 19 (21) XL:     9   Next: 42%
Magic:  9/12       EV: 12    Int: 18 (19) God:    Cheibriados [**....]
Gold:   396        SH:  0    Dex: 14 (17) Spells: 1/12 levels left

rFire    . . .     SeeInvis .   a - +0 trident
rCold    . . .     Gourm    .   (no shield)
rNeg     . . .     Faith    .   u - +0 ring mail
rPois    .         Spirit   .   p - +0 helmet
rElec    .         Reflect  .   y - +2 cloak
rCorr    .         Harm     .   (no gloves)
MR       .....                  (no boots)
Stlth    +.........             (no amulet)
HPRegen  0.20/turn              q - ring of wizardry
MPRegen  0.13/turn              (no ring)

@: mighty, flying, very slow
A: change form in water, swift swim, stealthy swim
a: Bend Time, Renounce Religion


You were on level 9 of the Dungeon.
You worshipped Cheibriados.
Cheibriados was pleased with you.
You were not hungry.

You visited 1 branch of the dungeon, and saw 9 of its levels.

You collected 396 gold pieces.

Inventory:

Hand Weapons
 a - a +0 trident (weapon)
 s - a +0 glaive
 A - a +3 battleaxe of freezing
 D - a +1 spear
Missiles
 E - 3 tomahawks (quivered)
Armour
 b - a +0 leather armour
 k - a +0 buckler
 p - a +0 helmet (worn)
 r - a +0 chain mail
 t - a +0 scale mail
 u - a +0 ring mail (worn)
 v - a +1 robe of magic resistance
 y - a +2 cloak (worn)
Jewellery
 q - a ring of wizardry (left hand)
Wands
 w - a wand of polymorph (17)
 B - a wand of iceblast (7)
Scrolls
 f - 5 scrolls of enchant weapon
 g - 2 scrolls of identify
 i - a scroll of amnesia {unknown}
 m - a scroll of random uselessness {unknown}
 o - 4 scrolls of remove curse
 x - a scroll of fog {unknown}
 z - a scroll of fear {unknown}
 C - 2 scrolls of vulnerability {unknown}
Potions
 e - 2 potions of flight
 h - 2 potions of might
 j - a potion of curing
 l - a potion of brilliance
 n - a potion of degeneration
Books
 c - a book of Battle

   Spells                             Type                      Level
   a - Infusion                       Charms                       1
   b - Shroud of Golubria             Charms/Translocation         2
   c - Song of Slaying                Charms                       2
   d - Spectral Weapon                Hexes/Charms                 3
   e - Regeneration                   Charms/Necromancy            3
Comestibles
 d - 13 rations


   Skills:
 * Level 3.2 Fighting
 - Level 14.2 Polearms
 + Level 0.6 Armour
 * Level 2.6 Dodging
 - Level 2.0 Spellcasting
 - Level 2.2 Hexes
 - Level 5.5 Charms
 - Level 2.5 Necromancy
 - Level 1.3 Translocations


You had one spell level left.
You knew the following spells:

 Your Spells              Type           Power        Failure   Level  Hunger
a - Infusion              Chrm           ###.         1%          1    #......
g - Regeneration          Chrm/Necr      ###.......   8%          3    ###....
l - Song of Slaying       Chrm           ###.....     1%          2    ###....
t - Shroud of Golubria    Chrm/Tloc      ##........   4%          2    ###....
x - Spectral Weapon       Hex/Chrm       ###.....     8%          3    ###....


Dungeon Overview and Level Annotations

Branches:
Dungeon (9/15)             Temple (0/1) D:7
   Lair: D:8-11         Orc: D:9-12

Altars:
Cheibriados
Elyvilon
Fedhas
Nemelex Xobeh
Ru
Sif Muna

Annotations:
D:8 Exporg's ghost, novice DsFi


Message History

The two-headed ogre closely misses you.
Exporg's ghost hits you but does no damage.
You fly downwards.
The hatch slams shut behind you.
An electric eel comes into view.
Unknown command.
Unknown command.
Unknown command.
Unknown command.
Okay, then.
You hit the two-headed ogre.
The two-headed ogre is lightly wounded.
Unknown command.
You hit the two-headed ogre.
The two-headed ogre is lightly wounded.
A worker ant zombie comes into view.
Unknown command.
You puncture the two-headed ogre!
The two-headed ogre is heavily wounded.
The two-headed ogre hits you with a giant club!
You die...

######+.≈
#@O..P≈≈≈
#.....P≈♣
#.....;≈P
#......≈♣
+......P♣
#......P≈
#......P≈
#.......Z


You could see a two-headed ogre, an electric eel and a worker ant zombie.

Vanquished Creatures
  A yak (D:7)
  A human (D:7)
  3 hogs (D:7)
  A hungry ghost (D:7)
  3 orc warriors
  A sky beast (D:7)
  An ogre (D:6)
  The ghost of letownia2 the Poker, an amateur MfSk (D:4)
  A centaur (D:8)
  A bullfrog (D:7)
  A big kobold (D:4)
  2 scorpions
  6 wights
  2 centaur skeletons
  2 hounds
  4 orc wizards
  Jessica (D:3)
  2 worker ants
  A howler monkey skeleton (D:7)
  8 adders
  A shadow imp (D:5)
  2 oozes
  2 adder skeletons
  A leopard gecko (D:7)
  15 orcs
  2 bats (D:2)
  2 giant cockroaches
  3 goblins
  3 hobgoblins
  7 jackals
  3 kobolds
  2 quokkas
  A ball python (D:7)
  A ball python skeleton (D:4)
  4 frilled lizards
  A rat (D:1)
93 creatures vanquished.

Vanquished Creatures (others)
  9 spectral weapons
9 creatures vanquished.

Grand Total: 102 creatures vanquished

Notes
Turn   | Place    | Note
-------+----------+-------------------------------------------
     0 | D:1      | letownia2 the Merfolk Skald began the quest for the Orb.
     0 | D:1      | Reached XP level 1. HP: 16/16 MP: 3/3
    41 | D:1      | Reached skill level 4 in Polearms
    41 | D:1      | Reached XP level 2. HP: 19/22 MP: 5/5
    49 | D:1      | Learned a level 2 spell: Shroud of Golubria
   197 | D:2      | Reached skill level 1 in Translocations
   268 | D:2      | Reached XP level 3. HP: 22/27 MP: 6/6
   273 | D:2      | Learned a level 3 spell: Spectral Weapon
   359 | D:5      | Entered Level 5 of the Dungeon
   413 | D:3      | Reached XP level 4. HP: 10/33 MP: 0/7
   599 | D:3      | Noticed Jessica
   607 | D:3      | Killed Jessica
   794 | D:4      | Reached XP level 5. HP: 35/41 MP: 0/8
   925 | D:4      | Noticed a big kobold
   945 | D:4      | Killed a big kobold
   945 | D:4      | Reached skill level 5 in Polearms
  1020 | D:4      | Reached XP level 6. HP: 22/47 MP: 2/9
  1022 | D:4      | Reached skill level 6 in Polearms
  1056 | D:4      | Noticed letownia2's ghost (amateur MfSk)
  1102 | D:5      | Found a sacrificial altar of Ru.
  1336 | D:4      | Killed letownia2's ghost
  1336 | D:4      | Reached skill level 7 in Polearms
  1642 | D:5      | Found a white marble altar of Elyvilon.
  1772 | D:5      | Found a sparkling altar of Nemelex Xobeh.
  1789 | D:5      | Reached skill level 8 in Polearms
  1789 | D:5      | Reached XP level 7. HP: 52/52 MP: 1/10
  1804 | D:5      | Found a deep blue altar of Sif Muna.
  1934 | D:5      | Reached skill level 9 in Polearms
  2032 | D:6      | Found a snail-covered altar of Cheibriados.
  2032 | D:6      | Found a blossoming altar of Fedhas.
  2035 | D:6      | Became a worshipper of Cheibriados the Contemplative
  2052 | D:6      | Reached skill level 10 in Polearms
  2059 | D:6      | Learned a level 3 spell: Regeneration
  2175 | D:7      | Reached XP level 8. HP: 14/58 MP: 0/11
  2182 | D:7      | Reached skill level 11 in Polearms
  2229 | D:7      | Reached * piety under Cheibriados
  2248 | D:7      | Learned a level 2 spell: Song of Slaying
  2305 | D:8      | Noticed Exporg's ghost (novice DsFi)
  2368 | D:7      | Found a staircase to the Ecumenical Temple.
  2460 | D:7      | Reached skill level 12 in Polearms
  2520 | D:7      | Noticed a yak
  2536 | D:7      | Reached skill level 13 in Polearms
  2551 | D:7      | Reached skill level 14 in Polearms
  2551 | D:7      | Reached XP level 9. HP: 19/64 MP: 4/12
  2556 | D:7      | Reached skill level 1 in Necromancy
  2657 | D:7      | Reached ** piety under Cheibriados
  2665 | D:7      | Reached skill level 5 in Charms
  2758 | D:8      | HP: 2/64 [orc warrior/war axe (14)]
  2842 | D:8      | Noticed a two-headed ogre
  2859 | D:9      | Slain by a two-headed ogre

Skill      XL: |  1  2  3  4  5  6  7  8  9 |
---------------+----------------------------+-----
Polearms       | 4 5 8 10 14 | 14.2
Translocations | 1 |  1.3
Hexes          | 2 |  2.2
Charms         | 4 5 |  5.5
Fighting       | 3 |  3.2
Necromancy     | 2 |  2.5
Armour         | |  0.6
Dodging        | |  2.6
Spellcasting   | |  2.0

Action                   |  1- 3 |  4- 6 |  7- 9 || total
-------------------------+-------+-------+-------++-------
Melee: Spear             |    74 |   187 |   142 ||   403
       Trident           |       |       |   106 ||   106
 Cast: Infusion          |     4 |     2 |       ||     6
       Shroud of Golubri |     5 |    23 |    20 ||    48
       Spectral Weapon   |       |    10 |    14 ||    24
       Regeneration      |       |       |     8 ||     8
       Song of Slaying   |       |       |     3 ||     3
  Use: Scroll            |       |     3 |     2 ||     5
       Potion            |       |       |     6 ||     6
 Stab: Sleeping          |     1 |       |       ||     1
       Distracted        |       |     1 |     4 ||     5
  Eat: Chunk             |       |     6 |     6 ||    12
       Ration            |       |       |     1 ||     1
Armor: Leather armour    |    10 |    13 |       ||    23
       Ring mail         |       |    37 |    39 ||    76
       Skin              |       |       |    13 ||    13
Dodge: Dodged            |    33 |    75 |    74 ||   182
